 Dungeon Crawl Stone Soup version 0.29-a0-529-gfa20dd96a1 (webtiles) character file.

Game seed: 371354320745511932

16468 zishaf the Zephyrmancer (level 12, -23/80 HPs)
             Began as a Tengu Air Elementalist on June 1, 2022.
             Was a Believer of Ashenzari.
             Killed from afar by a tengu reaver (66 damage)
             ... with a bolt of fire
             ... on level 11 of the Dungeon.
             The game lasted 00:44:26 (20946 turns).

zishaf the Zephyrmancer (Tengu Air Elementalist)   Turns: 20946, Time: 00:44:27

Health: -23/80     AC:  4    Str: 11    XL:     12   Next: 37%
Magic:  10/20      EV: 14    Int: 21    God:    Ashenzari [**....]
Gold:   662        SH:  0    Dex: 14    Spells: 0/21 levels left

rFire   . . .      SeeInvis +   k - +5 spear "Dogma of the Welkin" {freeze, rN+ Stlth+, Bglg, Cun} (curse)
rCold   . . .      Faith    .   z - orb of the Enigmatic Sun {*channel, Evo, Range} (curse)
rNeg    + . .      Spirit   .   n - +1 leather armour "Bound Insecurity" {Int+2, Melee, Range} (curse)
rPois   .          Reflect  .   (helmet restricted)
rElec   .          Harm     .   (no cloak)
rCorr   .          Rampage  .   (no gloves)
Will    .....                   (boots unavailable)
Stlth   +++.......              (no amulet)
HPRegen 0.23/turn               (no ring)
MPRegen 0.17/turn               (no ring)

@: flying quickly and evasively, quick
A: beak, talons 3, nimble flight
a: Renounce Religion, Curse Item, Shatter the Chains


You were on level 11 of the Dungeon.
You worshipped Ashenzari.
Ashenzari was pleased with you.
You visited 2 branches of the dungeon, and saw 12 of its levels.

You collected 662 gold pieces.

Inventory:

Hand Weapons
 h - a +0 dagger
 k - the cursed +5 spear "Dogma of the Welkin" (weapon) {freeze, rN+ Stlth+, Bglg, Cun}
   (You found it on level 2 of the Dungeon)

   It freezes those it strikes, dealing additional cold damage.
   It can also slow down cold-blooded creatures.
   rN:        It protects you from negative energy.
   Stlth:     It makes you more stealthy.
   It has a curse which improves the following skills: Beguiling: Conjurations,
   Hexes and Translocations.
   Cunning:   Dodging and Stealth.
 C - the +8 spear "Esiysum" {drain, rElec}
   (You found it on level 11 of the Dungeon)

   A truly terrible weapon, it drains the life of any living foe it strikes.
   rElec:     It insulates you from electricity.
Missiles
 p - 2 silver boomerangs
Armour
 a - a +0 robe
 n - the cursed +1 leather armour "Bound Insecurity" (worn) {Int+2, Melee, Range}
   (You found it on level 3 of the Dungeon)

   Int:       It affects your intelligence (+2).
   It has a curse which improves the following skills: Melee Combat: Short
   Blades, Long Blades, Axes, Maces & Flails, Polearms, Staves and Unarmed
   Combat.
   Ranged Combat: Slings, Bows, Crossbows and Throwing.
 x - a +0 leather armour of poison resistance
 z - the cursed orb of the Enigmatic Sun (worn) {*channel, Evo, Range}
   (You took it off a kobold on level 9 of the Dungeon)

   It has a curse which improves the following skills: Evocations: Evocations.
   Ranged Combat: Slings, Bows, Crossbows and Throwing.
Magical Staves
 c - a staff of poison
Wands
 f - a wand of iceblast (7)
 i - a wand of acid (6)
 r - a wand of polymorph (4)
 s - a wand of flame (12)
 u - a wand of paralysis (2)
Scrolls
 g - 2 scrolls of vulnerability
 j - 2 scrolls of immolation
 t - 4 scrolls of teleportation
 v - 2 scrolls of enchant weapon
 w - a scroll of blinking
 y - a scroll of poison
 A - 2 scrolls of amnesia
 B - a scroll of fear
Potions
 b - a potion of magic
 d - 4 potions of brilliance
 e - a potion of attraction
 l - a potion of ambrosia
 m - a potion of heal wounds
 o - 3 potions of mutation
 q - 3 potions of curing
 D - a potion of cancellation


   Skills:
 + Level 11.2 Fighting
 - Level 5.0(6.2) Polearms
 - Level 2.1(3.1) Dodging
 - Level 2.0(3.0) Stealth
 - Level 5.0 Spellcasting
 - Level 3.0(4.0) Conjurations
 + Level 12.2 Summonings
 - Level 13.0 Air Magic
 - Level 3.0 Poison Magic
 - Level 3.8(5.0) Evocations


You couldn't memorise any spells.
You knew the following spells:

 Your Spells              Type           Power      Damage    Failure   Level
a - Shock                 Conj/Air       100%       1d9       1%          1
b - Static Discharge      Conj/Air       41%        N/A       1%          2
c - Airstrike             Air            28%        N/A       1%          4
z - Mephitic Cloud        Conj/Pois/Air  33%        N/A       2%          3
A - Summon Cactus Giant   Summ           27%        N/A       14%         6
B - Call Imp              Summ           54%        N/A       1%          2
C - Swiftness             Air            56%        N/A       1%          3

Your spell library contained the following spells:

 Spells                   Type           Power      Damage    Failure   Level
 Magic Dart               Conj           88%        1d7       2%          1
 Conjure Flame            Conj/Fire      13%        6-21      19%         3
 Ensorcelled Hibernation  Hex/Ice        10%        N/A       22%         2
 Passwall                 Tmut/Erth      4%         N/A       22%         2
 Ignite Poison            Fire/Tmut/Pois 9%         N/A       28%         3
 Summon Forest            Summ/Tloc      15%        N/A       30%         5
 Summon Mana Viper        Hex/Summ       31%        N/A       30%         5
 Gell's Gravitas          Tloc           5%         N/A       38%         3
 Lesser Beckoning         Tloc           5%         N/A       38%         3
 Ozocubu's Armour         Ice            5%         N/A       38%         3
 Teleport Other           Tloc           5%         N/A       38%         3
 Sticky Flame             Conj/Fire      13%        2d4       52%         4
 Metabolic Englaciation   Hex/Ice        2%         N/A       98%         5
 Simulacrum               Ice/Necr       2%         N/A       100%        6


Dungeon Overview and Level Annotations

Branches:
Dungeon (11/15)            Temple (1/1) D:5             Orc (0/2) D:9
   Lair: D:8-11

Altars:
Ashenzari
Cheibriados
Dithmenos
Elyvilon
Fedhas
Gozag
Hepliaklqana
Kikubaaqudgha
Makhleb
Nemelex Xobeh
Okawaru
Qazlal
Ru
Sif Muna
Trog
Uskayaw
Vehumet
Wu Jian
Xom
Yredelemnul
Zin
The Shining One
Beogh
Jiyva

Shops:
D:1 [   D:2 [

Annotations:
D:10 3 runed translucent doors, TorpidAnima's ghost, journeyman MiFi


Innate Abilities, Weirdness & Mutations

You have a beak for a mouth.
You have claws for feet.
Your magical nature lets you fly swiftly and evasively.


Message History

You are covered in liquid flames!
You hear a shout!
The deep elf pyromancer is engulfed in noxious fumes.
The deep elf pyromancer appears confused.
The deep elf pyromancer barely misses itself.
You are covered in liquid flames!
You are no longer on fire.
The deep elf pyromancer is engulfed in noxious fumes.
The deep elf pyromancer looks very confused.
The deep elf pyromancer is engulfed in noxious fumes.
The deep elf pyromancer appears confused.
The deep elf pyromancer says, "I'm a little confused."
The tengu conjurer is engulfed in noxious fumes.
The tengu conjurer appears confused.
The deep elf pyromancer completely misses the tengu reaver.
The tengu reaver is engulfed in noxious fumes.
There is an open door here.
Casting: Mephitic Cloud (mildly dangerous; 2% risk of failure)
Confirm with . or Enter, or press ? or * to list all spells.
Aiming: Mephitic Cloud (mildly dangerous; 2% risk of failure)
Press: ? - help, Shift-Dir - straight line, f/p - deep elf pyromancer
Aim: a deep elf pyromancer, wielding a +0 rapier and wearing a +0 leather armour (confused, chance to affect: 58%)
The ball explodes into a vile cloud!
The stinking cloud engulfs the deep elf pyromancer but does no damage.
The stinking cloud engulfs the tengu conjurer but does no damage.
The stinking cloud engulfs the tengu reaver but does no damage.
You hear a shout!
The deep elf pyromancer is engulfed in noxious fumes.
The tengu reaver is engulfed in noxious fumes. x2
The tengu conjurer is engulfed in noxious fumes.
The deep elf pyromancer is engulfed in noxious fumes.
The deep elf pyromancer appears confused.
The tengu conjurer is engulfed in noxious fumes.
The tengu conjurer is engulfed in noxious fumes.
The tengu conjurer appears confused.
The tengu conjurer is engulfed in noxious fumes.
The tengu reaver points at you and mumbles some strange words.
The bolt of fire hits you!!!
Ouch! That really hurt!
You die...

*, #...........# * , *
## *' #...........# #.#
,#..........# '..
#..........# #.., *,{
#..........#
##'########..........#
#.........#.......##..#
* ###.......'......##
,,. ####....#..Q..@## *
######...)...# ,
##...#..# , *#......# *
* #..###### , #..## *
....* ** , .##. , * , *
*


You could see a tengu reaver.

Vanquished Creatures
  A hydra (D:9)
  2 two-headed ogres
  A centaur warrior (D:11)
  A flayed ghost (D:11)
  Maggie (D:8)
  A kobold demonologist (D:10)
  4 trolls
  3 hornets
  Prince Ribbit (D:7)
  A slime creature (D:10)
  8 yaks
  2 steam dragons
  2 vampire mosquitoes (D:10)
  Edmund (D:6)
  Menkaure (D:7)
  2 water moccasins
  9 orc warriors
  10 ogres
  3 centaurs
  2 phantoms
  Blork the orc (D:4)
  10 kobold brigands
  6 bullfrogs
  3 gnoll sergeants (D:6)
  8 scorpions
  2 necrophages (D:6)
  26 wights
  5 killer bees (D:9)
  8 howler monkeys
  9 hounds
  12 orc priests
  4 jellies
  5 iguanas
  2 gnoll shamans (D:6)
  Natasha (D:4)
  12 orc wizards
  9 adders
  12 gnolls
  2 shadow imps (D:6)
  A white imp (D:6)
  2 ufetubi (D:6)
  2 worms (D:3)
  2 dart slugs
  45 orcs
  6 endoplasms
  A giant cockroach (D:2)
  8 goblins
  11 hobgoblins
  4 jackals (D:5)
  3 quokkas
  8 ball pythons
  7 bats
  2 frilled lizards (D:2)
  19 kobolds
  A rat (D:1)
  A butterfly (D:5)
316 creatures vanquished.

Vanquished Creatures (collateral kills)
  A tengu warrior (D:11)
  A wolf spider (D:11)
  A cyclops (D:11)
  A hornet (D:8)
  A wyvern (D:8)
  An orc priest (D:8)
6 creatures vanquished.

Vanquished Creatures (others)
  3 plants (D:6)
3 creatures vanquished.

Grand Total: 325 creatures vanquished

Notes
Turn   | Place    | Note
-------+----------+-------------------------------------------
     0 | D:1      | zishaf the Tengu Air Elementalist began the quest for the
                  | Orb.
     0 | D:1      | Reached XP level 1. HP: 10/10 MP: 4/4
   216 | D:1      | Reached XP level 2. HP: 12/16 MP: 0/6
   857 | D:1      | Found Geazocetif's Armour Shop.
   905 | D:2      | Found Neurghar's Antique Armour Boutique.
  1122 | D:2      | Reached skill level 1 in Fighting
  1295 | D:2      | Reached XP level 3. HP: 20/20 MP: 3/7
  1590 | D:2      | Identified the +5 spear "Sylaliec" {freeze, rN+ Stlth+}
  1694 | D:2      | Learned a level 2 spell: Static Discharge
  1752 | D:2      | Reached skill level 5 in Air Magic
  2199 | D:3      | Identified the +1 leather armour of Tudeo {Int+2}
  2222 | D:3      | Found a burning altar of Makhleb.
  2344 | D:3      | Reached XP level 4. HP: 25/25 MP: 3/8
  2414 | D:3      | Reached skill level 1 in Polearms
  2655 | D:3      | Found a faded altar of an unknown god.
  3026 | D:3      | Found an opulent altar of Gozag.
  3027 | D:3      | Found a sparkling altar of Nemelex Xobeh.
  3316 | D:4      | Noticed Natasha
  3319 | D:4      | Killed Natasha
  3320 | D:4      | Gained mutation: Your magical nature lets you fly swiftly
                  | and evasively. [Tengu growth]
  3320 | D:4      | Reached XP level 5. HP: 23/30 MP: 5/9
  3325 | D:4      | Learned a level 4 spell: Airstrike
  3382 | D:4      | Noticed Blork the orc
  3391 | D:4      | Killed Blork the orc
  3437 | D:4      | Reached XP level 6. HP: 15/36 MP: 11/11
  3745 | D:4      | Reached skill level 6 in Air Magic
  4174 | D:4      | Found a basalt altar of Yredelemnul.
  4567 | D:4      | Reached XP level 7. HP: 32/41 MP: 11/13
  4678 | D:5      | Entered Level 5 of the Dungeon
  4690 | D:5      | HP: 1/41 [poisoned by a scorpion]
  5010 | D:5      | Found a staircase to the Ecumenical Temple.
  5080 | Temple   | Entered the Ecumenical Temple
  5193 | Temple   | Became a worshipper of Ashenzari the Shackled
  5396 | D:5      | Found a shimmering altar of Xom.
  5430 | D:5      | Reached skill level 7 in Air Magic
  5687 | D:5      | Reached XP level 8. HP: 26/48 MP: 12/15
  5863 | D:5      | Learned a level 2 spell: Call Imp
  6194 | D:6      | Reached skill level 1 in Summonings
  6871 | D:6      | Reached skill level 5 in Polearms
  6873 | D:6      | Reached skill level 8 in Air Magic
  7021 | D:6      | Reached skill level 5 in Fighting
  7239 | D:6      | Noticed Grinder
  7661 | D:6      | Reached XP level 9. HP: 53/54 MP: 16/16
  7688 | D:6      | Reached skill level 9 in Air Magic
  8023 | D:6      | Reached skill level 5 in Summonings
  8420 | D:6      | Noticed Edmund
  8477 | D:6      | Killed Edmund
  8478 | D:6      | Reached skill level 10 in Air Magic
  8492 | D:6      | Learned a level 3 spell: Mephitic Cloud
  8496 | D:6      | Learned a level 3 spell: Swiftness
 10193 | D:6      | Reached XP level 10. HP: 63/63 MP: 8/17
 10261 | D:6      | Reached skill level 1 in Poison Magic
 10345 | D:6      | Reached skill level 11 in Air Magic
 10634 | D:6      | Noticed a two-headed ogre
 10760 | D:6      | Killed a two-headed ogre
 10870 | D:6      | Reached * piety under Ashenzari
 11121 | D:6      | Noticed Grinder
 11121 | D:6      | Grinder changed into Grinder the ufetubus
 11124 | D:6      | Killed Grinder the ufetubus
 11917 | D:7      | Reached skill level 12 in Air Magic
 12576 | D:7      | Noticed Prince Ribbit
 12585 | D:7      | Killed Prince Ribbit
 12687 | D:7      | Noticed Menkaure
 12693 | D:7      | Killed Menkaure
 12694 | D:7      | Reached XP level 11. HP: 20/69 MP: 9/18
 12924 | D:7      | Found a glowing silver altar of Zin.
 13829 | D:8      | Noticed Maggie
 13852 | D:8      | Killed Maggie
 13853 | D:8      | Reached skill level 1 in Evocations
 15523 | D:9      | Reached skill level 13 in Air Magic
 15529 | D:9      | Reached skill level 5 in Spellcasting
 15572 | D:9      | Reached skill level 10 in Summonings
 16523 | D:9      | Reached ** piety under Ashenzari
 16810 | D:9      | Found a staircase to the Orcish Mines.
 16901 | D:9      | Noticed a seven-headed hydra
 16953 | D:9      | Killed a seven-headed hydra
 17098 | D:9      | Found a hazy altar of Hepliaklqana.
 17104 | D:9      | Found a white marble altar of Elyvilon.
 17106 | D:9      | Found a radiant altar of Vehumet.
 17107 | D:9      | Found a hide-covered altar of Uskayaw.
 17108 | D:9      | Found a snail-covered altar of Cheibriados.
 17155 | D:10     | Entered Level 10 of the Dungeon
 17247 | D:10     | Noticed a two-headed ogre
 17344 | D:10     | Killed a two-headed ogre
 17345 | D:10     | Reached skill level 10 in Fighting
 17840 | D:10     | Reached XP level 12. HP: 38/77 MP: 17/20
 18027 | D:10     | Learned a level 6 spell: Summon Cactus Giant
 18058 | D:10     | Identified the +1 leather armour of Impatience {*Slow rPois
                  | rF+ Str+2}
 18073 | D:10     | Found a viscous altar of Jiyva.
 18100 | D:10     | Found a runed translucent gate.
 18100 | D:10     | Found a runed translucent gate.
 18100 | D:10     | Found a runed translucent gate.
 18195 | D:10     | Identified the +5 shortbow "Hydrabane" {vorpal, Int+3}
 18196 | D:10     | Noticed TorpidAnima's ghost (journeyman MiFi)
 18575 | D:10     | Found a shimmering blue altar of Sif Muna.
 19096 | D:11     | Identified the +8 spear "Esiysum" {drain, rElec}
 19100 | D:11     | Noticed a centaur warrior
 19292 | D:11     | Noticed a tengu warrior
 19303 | D:11     | Killed a tengu warrior
 20735 | D:11     | Killed a centaur warrior
 20928 | D:11     | Noticed a tengu reaver
 20946 | D:11     | Killed from afar by a tengu reaver

Illustrated notes

Levels and vault maps discovered:
D:1:      tarquinn_simple_flora_water_c, layout_loops_ring, serial_shops,
          nicolae_shop_trees, minmay_misc_feat_encased
D:2:      layout_basic, serial_shops, nicolae_square_shop
D:3:      layout_basic, grunt_temple_overflow_opulence, lemuel_doored_altar,
          ebering_ecumenical_altar_box, lemuel_old_faithful
D:4:      layout_loops_ring, mainiacjoe_overflow_tiny_flanked,
          small_statue_intersection, minmay_quantized, uniq_natasha,
          uniq_blork_the_orc
D:5:      layout_rooms, xom_butterflies, minmay_temple_entry_statues_fountains
D:6:      lemuel_castle_with_subvaults [lemuel_castle_interior_carwin_3],
          layout_loops_ring, minmay_joined_circles, uniq_grinder, uniq_edmund
D:7:      layout_cave_pods, mainiacjoe_overflow_alcove_1, uniq_prince_ribbit1,
          uniq_menkaure
D:8:      layout_basic, uniq_maggie
D:9:      layout_roguey, minitemple, david_orc_5
D:10:     layout_basic, mainiacjoe_overflow_24_doors,
          gammafunk_ghost_necromancy, jiyva_altar_1
D:11:     minmay_sliced_demisemicircle, layout_layer_cave, lair_entry_dummy
Temple:   eino_temple_lava

Skill      XL: |  1  2  3  4  5  6  7  8  9 10 11 12 |
---------------+-------------------------------------+-----
Conjurations   | 2 3 |  3.0
Fighting       | 1 2 3 4 5 7 8 10 11 | 11.2
Air Magic      | 5 6 7 8 10 12 13 | 13.0
Polearms       | 1 2 3 4 5 |  5.0
Spellcasting   | 3 4 5 |  5.0
Summonings     | 4 6 9 11 12 | 12.2
Poison Magic   | 3 |  3.0
Evocations     | 3 |  3.8
Dodging        | |  2.1
Stealth        | |  2.0

Action                   |  1- 3 |  4- 6 |  7- 9 | 10-12 || total
-------------------------+-------+-------+-------+-------++-------
Melee: Unarmed           |     2 |       |       |       ||     2
       Peck              |     2 |     7 |    34 |    60 ||   103
       Spear             |    33 |    65 |   253 |   423 ||   774
       Kick              |     4 |    11 |    61 |    89 ||   165
       Punch             |       |       |     4 |       ||     4
 Cast: Shock             |    61 |    36 |    90 |    60 ||   247
       Static Discharge  |       |       |    12 |    50 ||    62
       Mephitic Cloud    |       |       |     4 |    55 ||    59
       Airstrike         |       |       |     4 |    16 ||    20
       Call Imp          |       |       |     1 |     2 ||     3
       Swiftness         |       |       |       |     1 ||     1
       Summon Cactus Gia |       |       |       |     1 ||     1
Invok: Curse Item        |       |       |     1 |     2 ||     3
Evoke: Wand              |       |       |       |     4 ||     4
  Use: Scroll            |       |    10 |     7 |     1 ||    18
       Potion            |       |       |     3 |       ||     3
 Stab: Sleeping          |     3 |     2 |     5 |     2 ||    12
       Distracted        |       |     1 |     1 |       ||     2
       Confused          |       |       |     3 |    37 ||    40
Armor: Robe              |     8 |       |       |       ||     8
       Leather armour    |     1 |     5 |    28 |    32 ||    66
       Skin              |       |       |    18 |       ||    18
Dodge: Dodged            |    17 |    19 |   105 |   184 ||   325

Table legend: (Time is in decaauts)
 A = Elapsed time spent in this place.
 B = Non-inter-level travel time spent in this place.
 C = Inter-level travel time spent in this place.
 D = Time resting spent in this place.
 E = Time spent auto-exploring this place.
 F = Levels seen in this place.
 G = Mean time per level.
                   A        B        C        D        E       F      G
               +--------+--------+--------+--------+--------+-----+--------+
         Total |  20241 |  19639 |    602 |   5440 |  10719 |  12 | 1686.8 |
       Dungeon |  20126 |  19524 |    602 |   5440 |  10628 |  11 | 1829.6 |
        Temple |    115 |    115 |      0 |      0 |     91 |   1 |  115.0 |
               +--------+--------+--------+--------+--------+-----+--------+

Top non-repeatable levels by time:
     D:6: 4247 daAuts
    D:10: 3164 daAuts
     D:5: 2291 daAuts
     D:8: 1953 daAuts
     D:9: 1756 daAuts
     D:4: 1559 daAuts
     D:7: 1518 daAuts
     D:3: 1341 daAuts
     D:2: 1087 daAuts
     D:1: 893 daAuts
    D:11: 314 daAuts
  Temple: 115 daAuts
